NCAA
MISSOURI TIGERS @ PITTSBURGH PANTHERS
04/12/2024
 
TOP OF THE 1ST
Missouri Tigers batting - Pitching for Pittsburgh Panthers : RHP Kade Coleman
Pitching: RHP Kade Coleman
Batting: RHB Rob Smith 0-0: Ball
1-0: Foul Ball, location: 2F
1-1: Foul Ball, location: 2F
1-2: Ball
2-2: Ball
3-2: Base on Balls
Batting: LHB Jim Wallace 0-0: Called Strike
0-1: SINGLE (Line Drive, 6MD)
Rob Smith to second
Batting: RHB José González 0-0: Ball
1-0: Called Strike
1-1: Swinging Strike
1-2: Strikes out swinging
Batting: RHB George Mitchell 0-0: Fielders Choice at 2nd, 6-4 (Groundball, 6M)
Rob Smith to third
Batting: SHB Eric Pimentel 0-0: Called Strike
0-1: Ball
1-1: Called Strike
1-2: Foul Ball, location: 2F
1-2: Strikes out looking
Top of the 1st over - 0 run(s), 1 hit(s), 0 error(s), 2 left on base; Missouri 0 - Pittsburgh 0
BOTTOM OF THE 1ST
Pittsburgh Panthers batting - Pitching for Missouri Tigers : RHP Fred Scott
Pitching: RHP Fred Scott
Batting: RHB Damon McKay 0-0: TRIPLE (Line Drive, 89M)
Batting: SHB Chet Johnston 0-0: Called Strike
0-1: Swinging Strike
0-2: Ball
1-2: SINGLE (Line Drive, 6)
Damon McKay scores
Batting: RHB Aaron Grizzle 0-0: Ball
1-0: Ball
2-0: Called Strike
2-1: Ball
3-1: Base on Balls
Chet Johnston to second
Batting: SHB Jacob Everett 0-0: Foul Ball, location: 2F
0-1: Called Strike
0-2: Fly out, F8 (Flyball, 8LD)
Runner from 2nd tags up, SAFE at 3rd, no throw
Batting: RHB David Kerr 0-0: Ball
1-0: Foul Ball, location: 2F
1-1: Foul Ball, location: 2F
1-2: Ball
2-2: Fielders Choice at 2nd, 6-4 (Groundball, 6)
Chet Johnston scores
Batting: SHB Tim Mullen 0-0: Ball
1-0: Called Strike
1-1: Foul Ball, location: 2F
1-2: Ball
Throwing error on steal attempt, E2
David Kerr to third
2-2: SINGLE (Flyball, 78S)
David Kerr scores
Batting: RHB Pat Moore 0-0: Ball
1-0: Ball
2-0: Called Strike
2-1: Foul Ball, location: 2F
2-2: Strikes out looking
Bottom of the 1st over - 3 run(s), 3 hit(s), 1 error(s), 1 left on base; Missouri 0 - Pittsburgh 3
TOP OF THE 2ND
Missouri Tigers batting - Pitching for Pittsburgh Panthers : RHP Kade Coleman
Batting: RHB Bobby Murdock 0-0: Fly out, F9 (Flyball, 89M)
Batting: SHB Hoyt Norris 0-0: Ball
1-0: Ball
2-0: Ground out 6-3 (Groundball, 6)
Batting: RHB Nick Webber 0-0: Ball
1-0: Ball
2-0: Ball
3-0: Base on Balls
Batting: RHB Ken Uttley 0-0: Called Strike
0-1: Ball
1-1: Swinging Strike
1-2: Strikes out swinging
Top of the 2nd over - 0 run(s), 0 hit(s), 0 error(s), 1 left on base; Missouri 0 - Pittsburgh 3
BOTTOM OF THE 2ND
Pittsburgh Panthers batting - Pitching for Missouri Tigers : RHP Fred Scott
Batting: SHB Fernando Reyes 0-0: Called Strike
0-1: Ball
1-1: Swinging Strike
1-2: Ball
2-2: Strikes out swinging
Batting: LHB Dennis Lovett 0-0: Ball
1-0: TRIPLE (Line Drive, 9LM)
Pinch Runner at 3rd Gerald Arnold:
Batting: RHB Damon McKay 0-0: Called Strike
0-1: Ball
1-1: Fly out, F2 (Popup, 2RF)
Batting: SHB Chet Johnston 0-0: Foul Ball, location: 2F
0-1: Swinging Strike
0-2: Ground out 5-3 (Groundball, 56)
Bottom of the 2nd over - 0 run(s), 1 hit(s), 0 error(s), 1 left on base; Missouri 0 - Pittsburgh 3
TOP OF THE 3RD
Missouri Tigers batting - Pitching for Pittsburgh Panthers : RHP Kade Coleman
Now in CF: Gerald Arnold
Batting: RHB Rob Smith 0-0: Swinging Strike
0-1: Called Strike
0-2: Ball
1-2: Ball
2-2: Strikes out swinging
Batting: LHB Jim Wallace 0-0: Called Strike
0-1: Ball
1-1: Ball
2-1: Swinging Strike
2-2: Ball
3-2: Strikes out swinging
Batting: RHB José González Single, Error in OF, E7, batter to second base
Batting: RHB George Mitchell 0-0: Called Strike
0-1: Fly out, F4 (Popup, 4M)
Top of the 3rd over - 0 run(s), 1 hit(s), 1 error(s), 1 left on base; Missouri 0 - Pittsburgh 3
BOTTOM OF THE 3RD
Pittsburgh Panthers batting - Pitching for Missouri Tigers : RHP Fred Scott
Batting: RHB Aaron Grizzle 0-0: Ground out 6-3 (Groundball, 6M)
Batting: SHB Jacob Everett 0-0: Called Strike
0-1: Foul Ball, location: 2F
0-2: Ball
1-2: Strikes out swinging
Batting: RHB David Kerr 0-0: Ball
1-0: Called Strike
1-1: Swinging Strike
1-2: Ball
2-2: Strikes out swinging
Bottom of the 3rd over - 0 run(s), 0 hit(s), 0 error(s), 0 left on base; Missouri 0 - Pittsburgh 3
TOP OF THE 4TH
Missouri Tigers batting - Pitching for Pittsburgh Panthers : RHP Kade Coleman
Batting: SHB Eric Pimentel 0-0: Called Strike
0-1: Ball
1-1: Fly out, F1 (Popup, 13S)
Batting: RHB Bobby Murdock 0-0: Foul Ball, location: 2F
0-1: Ball
1-1: Foul Ball, location: 2F
1-2: Foul Ball, location: 2F
1-2: Ball
2-2: Strikes out swinging
Batting: SHB Hoyt Norris 0-0: Called Strike
0-1: Ball
1-1: Ball
2-1: Foul Ball, location: 2F
2-2: Ground out U3 (Groundball, 3)
Top of the 4th over - 0 run(s), 0 hit(s), 0 error(s), 0 left on base; Missouri 0 - Pittsburgh 3
BOTTOM OF THE 4TH
Pittsburgh Panthers batting - Pitching for Missouri Tigers : RHP Fred Scott
Batting: SHB Tim Mullen 0-0: Ball
1-0: Foul Ball, location: 2F
1-1: Ball
2-1: Ball
3-1: Base on Balls
Batting: RHB Pat Moore 0-0: Ball
Wild Pitch!
Tim Mullen to second
1-0: Fly out, F8 (Flyball, 8LM)
Batting: SHB Fernando Reyes 0-0: Ball
1-0: Swinging Strike
1-1: Swinging Strike
1-2: Foul Ball, location: 2F
1-2: Ball
2-2: Ball
3-2: Foul Ball, location: 2F
3-2: Strikes out swinging
Batting: RHB Gerald Arnold 0-0: Ball
1-0: Foul Ball, location: 2F
1-1: Called Strike
1-2: Strikes out swinging
Bottom of the 4th over - 0 run(s), 0 hit(s), 0 error(s), 1 left on base; Missouri 0 - Pittsburgh 3
TOP OF THE 5TH
Missouri Tigers batting - Pitching for Pittsburgh Panthers : RHP Kade Coleman
Batting: RHB Nick Webber 0-0: Ball
1-0: Swinging Strike
1-1: SINGLE (Groundball, 6MD) (infield hit)
Batting: RHB Ken Uttley 0-0: Ball
1-0: Foul Ball, location: 2F
1-1: DOUBLE (Line Drive, 5D)
Nick Webber to third
Batting: RHB Rob Smith 0-0: Called Strike
0-1: Called Strike
0-2: SINGLE (Line Drive, 6MD)
Nick Webber scores
Ken Uttley to third
Runner from 3rd tries for Home, SAFE, throw made home
Batting: LHB Jim Wallace 0-0: Ground out U3 (Groundball, 3S)
Rob Smith to second
Batting: RHB José González 0-0: Swinging Strike
0-1: Swinging Strike
0-2: Foul Ball, location: 2F
0-2: Ground out 5-3 (Groundball, 5)
Batting: RHB George Mitchell 0-0: Fly out, F9 (Flyball, 9S)
Top of the 5th over - 2 run(s), 3 hit(s), 0 error(s), 1 left on base; Missouri 2 - Pittsburgh 3
BOTTOM OF THE 5TH
Pittsburgh Panthers batting - Pitching for Missouri Tigers : RHP Fred Scott
Batting: RHB Damon McKay 0-0: Ball
1-0: Foul Ball, location: 2F
1-1: Ball
2-1: Ball
3-1: Foul Ball, location: 2F
3-2: Base on Balls
Batting: SHB Chet Johnston 0-0: Ball
1-0: Ball
2-0: Ball
3-0: Base on Balls
Damon McKay to second
Pitching: RHP Johnny Jones
Batting: RHB Aaron Grizzle 0-0: Called Strike
0-1: Called Strike
0-2: Strikes out swinging
Batting: SHB Jacob Everett 0-0: Called Strike
0-1: SINGLE (Groundball, 34D)
Damon McKay to third
Chet Johnston to second
Batting: RHB David Kerr 0-0: Ball
1-0: Called Strike
1-1: Ball
2-1: Foul Ball, location: 2F
2-2: Ball
3-2: Strikes out swinging
Batting: SHB Tim Mullen 0-0: Ball
1-0: Called Strike
1-1: SINGLE (Flyball, 7S)
Damon McKay scores
Chet Johnston to third
Jacob Everett to second
Runner from 3rd tries for Home, SAFE, no throw or cutoff
Batting: RHB Pat Moore 0-0: Called Strike
0-1: Fielders Choice at 2nd, U4 (Groundball, 4M)
Bottom of the 5th over - 2 run(s), 2 hit(s), 0 error(s), 2 left on base; Missouri 2 - Pittsburgh 5
TOP OF THE 6TH
Missouri Tigers batting - Pitching for Pittsburgh Panthers : RHP Kade Coleman
Batting: SHB Eric Pimentel 0-0: Called Strike
0-1: Ball
1-1: Ball
2-1: Swinging Strike
2-2: Ball
3-2: Strikes out swinging
Batting: RHB Bobby Murdock 0-0: Fly out, F5 (Popup, 56S)
Batting: SHB Hoyt Norris 0-0: Ball
1-0: Called Strike
1-1: Foul Ball, location: 2F
1-2: Ball
2-2: Strikes out looking
Top of the 6th over - 0 run(s), 0 hit(s), 0 error(s), 0 left on base; Missouri 2 - Pittsburgh 5
BOTTOM OF THE 6TH
Pittsburgh Panthers batting - Pitching for Missouri Tigers : RHP Johnny Jones
Batting: SHB Fernando Reyes 0-0: Foul Ball, location: 2F
0-1: Swinging Strike
0-2: Foul Ball, location: 2F
0-2: Ball
1-2: Foul Ball, location: 2F
1-2: Ball
2-2: Foul Ball, location: 2F
2-2: Ground out 6-3 (Groundball, 6)
Batting: RHB Gerald Arnold 0-0: Called Strike
0-1: Ball
1-1: Fly out, F4 (Popup, 4D)
Batting: RHB Damon McKay 0-0: Foul Ball, location: 2F
0-1: Ball
1-1: Fly out, F4 (Popup, 4MD)
Bottom of the 6th over - 0 run(s), 0 hit(s), 0 error(s), 0 left on base; Missouri 2 - Pittsburgh 5
TOP OF THE 7TH
Missouri Tigers batting - Pitching for Pittsburgh Panthers : RHP Kade Coleman
Pitching: RHP Dusty Lester
Batting: RHB Nick Webber 0-0: Called Strike
0-1: Foul Ball, location: 2F
0-2: Ball
1-2: SINGLE (Groundball, 4M)
Batting: RHB Ken Uttley 0-0: Ball
1-0: Ball
2-0: Called Strike
2-1: Ball
3-1: Base on Balls
Nick Webber to second
Batting: RHB Rob Smith 0-0: Called Strike
0-1: Ball
1-1: Swinging Strike
1-2: Ball
2-2: Strikes out swinging
Batting: LHB Jim Wallace 0-0: SINGLE (Popup, 7S)
Nick Webber to third
Ken Uttley to second
Throwing error, E6
Nick Webber scores
Ken Uttley to third
Jim Wallace to second
Batting: RHB José González 0-0: Called Strike
0-1: Swinging Strike
0-2: Foul Ball, location: 2F
0-2: Strikes out swinging
Batting: RHB George Mitchell 0-0: Called Strike
0-1: Ball
1-1: Swinging Strike
1-2: Strikes out swinging
Top of the 7th over - 1 run(s), 2 hit(s), 1 error(s), 2 left on base; Missouri 3 - Pittsburgh 5
BOTTOM OF THE 7TH
Pittsburgh Panthers batting - Pitching for Missouri Tigers : RHP Johnny Jones
Pitching: RHP Chris Webster
Batting: SHB Chet Johnston 0-0: Ball
1-0: Ground out 6-3 (Groundball, 6MS)
Batting: RHB Aaron Grizzle 0-0: Foul Ball, location: 2F
0-1: Swinging Strike
0-2: Ball
1-2: Strikes out swinging
Batting: SHB Jacob Everett 0-0: Called Strike
0-1: Ball
1-1: Ball
2-1: Foul Ball, location: 2F
2-2: Ball
3-2: Strikes out swinging
Bottom of the 7th over - 0 run(s), 0 hit(s), 0 error(s), 0 left on base; Missouri 3 - Pittsburgh 5
TOP OF THE 8TH
Missouri Tigers batting - Pitching for Pittsburgh Panthers : RHP Dusty Lester
Batting: SHB Eric Pimentel 0-0: Ball
1-0: Called Strike
1-1: Ball
2-1: Ball
3-1: Ground out 5-3 (Groundball, 56S)
Batting: RHB Bobby Murdock 0-0: Ball
1-0: Swinging Strike
1-1: Foul Ball, location: 2F
1-2: Ground out 6-3 (Groundball, 6)
Batting: SHB Hoyt Norris 0-0: Called Strike
0-1: Ball
1-1: Foul Ball, location: 2F
1-2: Foul Ball, location: 2F
1-2: Ball
2-2: Strikes out looking
Top of the 8th over - 0 run(s), 0 hit(s), 0 error(s), 0 left on base; Missouri 3 - Pittsburgh 5
BOTTOM OF THE 8TH
Pittsburgh Panthers batting - Pitching for Missouri Tigers : RHP Chris Webster
Batting: RHB David Kerr 0-0: Ball
1-0: Ball
2-0: SINGLE (Groundball, 4M)
Batting: SHB Tim Mullen 0-0: Swinging Strike
0-1: Foul Ball, location: 2F
0-2: Fly out, F5 (Popup, 5D)
Batting: RHB Pat Moore 0-0: Called Strike
0-1: Ball
1-1: Ball
2-1: Swinging Strike
2-2: Strikes out swinging
Pitching: RHP Ralph Marks
Batting: SHB Fernando Reyes 0-0: Ball
1-0: Ball
2-0: Called Strike
2-1: Called Strike
2-2: Ball
David Kerr is caught stealing 2nd base
Bottom of the 8th over - 0 run(s), 1 hit(s), 0 error(s), 0 left on base; Missouri 3 - Pittsburgh 5
TOP OF THE 9TH
Missouri Tigers batting - Pitching for Pittsburgh Panthers : RHP Dusty Lester
Pitching: RHP Albert Ángel
Batting: RHB Nick Webber 0-0: Fly out, F5 (Popup, 5SF)
Batting: RHB Ken Uttley 0-0: Ball
1-0: Swinging Strike
1-1: Swinging Strike
1-2: SOLO HOME RUN (Flyball, 7D), Distance : 356 ft
Batting: RHB Rob Smith 0-0: Hit by Pitch
Batting: LHB Jim Wallace 0-0: Fly out, F6 (Popup, 6D)
Batting: RHB José González 0-0: Called Strike
0-1: Ball
1-1: Fly out, F8 (Popup, 6MD)
Top of the 9th over - 1 run(s), 1 hit(s), 0 error(s), 1 left on base; Missouri 4 - Pittsburgh 5
This league is powered by Out of the Park Baseball, the baseball management simulation game for PC, Mac and Linux
Saturday, April 9th, 2016 - OOTP Baseball 16.8 Build 38